 Dungeon Crawl Stone Soup version 0.23.2-30-g0e89c35649 (webtiles) character file.

Game seed: 14580496879606906409

2338 RudyRod the Firebug (level 9, -1/64 HPs)
             Began as a Yellow Draconian Fire Elementalist on May 10, 2019.
             Slain by Joseph
             ... wielding a +0 quarterstaff
              (17 damage)
             ... on level 7 of the Dungeon on June 7, 2019.
             The game lasted 00:39:25 (8589 turns).

RudyRod the Firebug (DrFE)                          Turns: 8589, Time: 00:39:26

Health: -1/64      AC:  9    Str: 11    XL:     9   Next: 19%
Magic:  7/17       EV: 19    Int: 18    God:
Gold:   366        SH:  0    Dex: 12    Spells: 14/19 levels left

rFire    . . .     SeeInvis .   l - +1 spear
rCold    . . .     Gourm    .   (no shield)
rNeg     . . .     Faith    .   (armour unavailable)
rPois    .         Spirit   .   (helmet restricted)
rElec    .         Reflect  .   u - +0 cloak
rCorr    +         Harm     .   (no gloves)
MR       .....     Rnd*Rage +   e - +0 pair of boots
Stlth    +++.......             (no amulet)
HPRegen  0.20/turn              c - +4 ring of evasion
MPRegen  0.15/turn              A - ring of stealth

@: flying
A: spit acid, unfitting armour, big wings, berserk 1, cold-blooded, acid
resistance, AC +7
a: Breathe Acid, Fly


You were on level 7 of the Dungeon.
You were not hungry.

You visited 2 branches of the dungeon, and saw 9 of its levels.

You collected 366 gold pieces.

Inventory:

Hand Weapons
 a - a +0 short sword
 g - a +0 dagger
 l - a +1 spear (weapon)
 o - a +0 hand axe of chopping
 t - a +4 dagger
 B - a +1 short sword of electrocution
Missiles
 r - 7 poisoned javelins (quivered)
Armour
 e - a +0 pair of boots (worn)
 u - a +0 cloak (worn)
Jewellery
 c - a +4 ring of evasion (left hand)
 i - an uncursed amulet of rage
 A - a ring of stealth (right hand)
Wands
 v - a wand of random effects (27)
 y - a wand of paralysis (4)
 D - a wand of flame (3)
Scrolls
 d - 2 scrolls of enchant weapon
 f - 2 scrolls of magic mapping
 j - a scroll of fog
 k - 6 scrolls of remove curse
 m - a scroll of random uselessness {unknown}
 s - 3 scrolls of teleportation
 w - a scroll of acquirement {unknown}
 x - a scroll of amnesia
Potions
 n - a potion of cancellation
 p - a potion of agility
 q - a potion of lignification
Comestibles
 b - 6 rations
 C - 6 chunks of flesh


   Skills:
 + Level 1.3 Fighting
 + Level 3.1 Polearms
 * Level 5.7 Dodging
 + Level 3.7 Stealth
 + Level 0.1 Unarmed Combat
 + Level 5.7 Spellcasting
 + Level 4.9 Conjurations
 + Level 6.2 Fire Magic


You had 14 spell levels left.
You knew the following spells:

 Your Spells              Type           Power        Failure   Level  Hunger
a - Flame Tongue          Conj/Fire      ####.        1%          1    None
b - Sticky Flame          Conj/Fire      ####....     12%         4    ####...

Your spell library contained the following spells:

 Spells                   Type           Power        Failure   Level  Hunger
 Throw Flame              Conj/Fire      ####..       1%          2    None
 Conjure Flame            Conj/Fire      ####....     3%          3    ##.....
 Inner Flame              Hex/Fire       ###.....     11%         3    ##.....
 Fireball                 Conj/Fire      ####......   34%         5    #####..


Dungeon Overview and Level Annotations

Branches:
Dungeon (8/15)             Temple (1/1) D:6
   Lair: D:8-11

Altars:
Ashenzari
Cheibriados
Dithmenos
Elyvilon
Fedhas
Hepliaklqana
Kikubaaqudgha
Makhleb
Okawaru
Qazlal
Ru
Sif Muna
Trog
Uskayaw
Vehumet
Wu Jian
Xom
Yredelemnul
Zin
The Shining One

Annotations:
D:7 Joseph


Innate Abilities, Weirdness & Mutations

You can spit globs of acid.
Your golden yellow scales are hard. (AC +7)
You cannot fit into any form of body armour.
You are cold-blooded and may be slowed by cold attacks.
You are resistant to acid. (rCorr)
Your large and strong wings let you fly indefinitely.
You tend to lose your temper in combat.


Message History

Joseph hits you with a +0 quarterstaff!
* * * LOW HITPOINT WARNING * * *
You feel better.
Joseph burns!
Joseph stops burning.
Joseph completely misses you.
Casting: Flame Tongue (safe; 1% risk of failure)
Confirm with . or Enter, or press ? or * to list all spells.
Aiming: Sticky Flame (safe; 12% risk of failure)
Press: ? - help, Shift-Dir - straight line, f/p - Joseph
Aim: Joseph, wielding a +0 quarterstaff and wearing a +1 leather armour of positive energy (moderately wounded)
The sticky flame hits Joseph!
Joseph is heavily wounded.
Joseph is covered in liquid flames!
Joseph burns!
Joseph hits you with a +0 quarterstaff!
* * * LOW HITPOINT WARNING * * *
It was a potion of flight.
You feel very buoyant.
You fly up into the air.
Joseph burns!
Joseph shouts, "I love to fight!
I love killing!"
Joseph hits you with a +0 quarterstaff!
You die...

..........
.........
####......
.........#
####....#
######....#
#......###.
#.#########.###..#
## #..@@(((....#
#.)# #.
#############
##.#### #....#
#....# #....#
#..... ######


You could see Joseph (burning).

Vanquished Creatures
  Grinder (D:3)
  Sigmund (D:3)
  Menkaure (D:5)
  A sky beast (D:7)
  An orc warrior (D:3)
  4 ogres
  A centaur (D:6)
  4 bullfrogs
  A wyvern zombie (D:7)
  3 scorpions
  2 howler monkeys
  A crimson imp (D:6)
  3 orc priests
  A bullfrog skeleton (D:6)
  3 hounds
  2 iguanas
  4 orc wizards
  A worker ant (D:5)
  A worker ant zombie (D:6)
  7 gnolls
  8 adders
  A shadow imp (D:6)
  An ooze (D:3)
  4 worms
  5 dart slugs
  2 leopard geckos
  21 orcs
  3 giant cockroaches
  8 goblins
  8 hobgoblins
  12 jackals
  4 kobolds
  2 quokkas
  8 bats
  4 frilled lizards (D:1)
  6 rats
140 creatures vanquished.

Vanquished Creatures (others)
  7 fungi (D:8)
  4 plants (D:8)
11 creatures vanquished.

Grand Total: 151 creatures vanquished

Notes
Turn   | Place    | Note
-------+----------+-------------------------------------------
     0 | D:1      | RudyRod the Draconian Fire Elementalist began the quest for
                  | the Orb.
     0 | D:1      | Reached XP level 1. HP: 14/14 MP: 3/3
   144 | D:1      | Reached XP level 2. HP: 20/20 MP: 3/5
   561 | D:1      | Reached XP level 3. HP: 22/26 MP: 1/6
  1534 | D:2      | Reached XP level 4. HP: 33/33 MP: 3/8
  1594 | D:2      | Found a shadowy altar of Dithmenos.
  1596 | D:2      | Found a snail-covered altar of Cheibriados.
  1598 | D:2      | Found a deep blue altar of Sif Muna.
  1598 | D:2      | Found a burning altar of Makhleb.
  1598 | D:2      | Found a bloodstained altar of Trog.
  1598 | D:2      | Found a white marble altar of Elyvilon.
  1601 | D:2      | Found a basalt altar of Yredelemnul.
  1602 | D:2      | Found a shimmering altar of Xom.
  1603 | D:2      | Found a hazy altar of Hepliaklqana.
  2371 | D:3      | Noticed Sigmund
  2490 | D:3      | Reached skill level 4 in Fire Magic
  2490 | D:3      | Reached XP level 5. HP: 35/38 MP: 7/9
  2593 | D:3      | Noticed Grinder
  2598 | D:3      | Paralysed by Grinder for 6 turns
  2627 | D:3      | Paralysed by Grinder for 6 turns
  2634 | D:3      | Killed Grinder
  2634 | D:3      | Reached skill level 1 in Polearms
  2634 | D:3      | Reached XP level 6. HP: 46/46 MP: 7/11
  2980 | D:3      | Killed Sigmund
  2980 | D:3      | Reached skill level 1 in Fighting
  3119 | D:3      | Found a stormy altar of Qazlal.
  3133 | D:3      | Your scales start taking on a golden yellow colour.
  3133 | D:3      | Reached XP level 7. HP: 52/52 MP: 9/12
  3133 | D:3      | Gained mutation: You are resistant to acid. (rCorr) [Yellow
                  | Draconian growth]
  3836 | D:4      | Gained mutation: You tend to lose your temper in combat.
                  | [potion of mutation]
  3836 | D:4      | Gained mutation: Your large and strong wings let you fly
                  | indefinitely. [potion of mutation]
  4672 | D:3      | Reached XP level 8. HP: 19/59 MP: 12/14
  5106 | D:5      | Entered Level 5 of the Dungeon
  5324 | D:5      | Noticed Menkaure
  5332 | D:5      | Killed Menkaure
  5332 | D:5      | Reached skill level 5 in Fire Magic
  6415 | D:6      | Found a hide-covered altar of Uskayaw.
  6418 | D:6      | Noticed a +0 hand axe
  6419 | D:6      | Noticed a +0 dagger
  6547 | D:6      | Reached skill level 5 in Dodging
  6662 | D:6      | Found a staircase to the Ecumenical Temple.
  6671 | Temple   | Entered the Ecumenical Temple
  6935 | Temple   | Upgraded the game from 0.23.2-1-ga50397a to
                  | 0.23.2-11-gf996548c65
  7006 | D:6      | Learned a level 4 spell: Sticky Flame
  7030 | D:6      | Reached skill level 5 in Spellcasting
  7219 | D:6      | You fall through a shaft for 2 floors!
  7975 | D:7      | Reached XP level 9. HP: 64/64 MP: 4/17
  8176 | D:7      | Found a glowing golden altar of the Shining One.
  8358 | D:7      | Reached skill level 6 in Fire Magic
  8575 | D:7      | Noticed Joseph
  8576 | D:7      | Upgraded the game from 0.23.2-11-gf996548c65 to
                  | 0.23.2-30-g0e89c35649
  8589 | D:7      | Slain by Joseph

Skill      XL: |  1  2  3  4  5  6  7  8  9 |
---------------+----------------------------+-----
Dodging        | 2 3 4 5 |  5.7
Stealth        | 2 3 |  3.7
Spellcasting   | 3 4 5 |  5.7
Fire Magic     | 4 5 6 |  6.2
Polearms       | 1 2 3 |  3.1
Conjurations   | 2 3 4 |  4.9
Fighting       | 1 |  1.3
Unarmed Combat | |  0.1

Action                   |  1- 3 |  4- 6 |  7- 9 || total
-------------------------+-------+-------+-------++-------
Melee: Unarmed           |     7 |       |       ||     7
       Tailslap          |     3 |     4 |     3 ||    10
       Spear             |    16 |    74 |    35 ||   125
 Cast: Flame Tongue      |    57 |    63 |   186 ||   306
       Sticky Flame      |       |       |     6 ||     6
 Abil: Breathe Acid      |       |       |    19 ||    19
  Use: Scroll            |       |     7 |     3 ||    10
       Potion            |       |     3 |     6 ||     9
 Stab: Sleeping          |       |     4 |     1 ||     5
  Eat: Chunk             |     3 |     5 |    21 ||    29
Armor: Skin              |     9 |    78 |    31 ||   118
Dodge: Dodged            |    31 |    59 |   118 ||   208
